 Dungeon Crawl Stone Soup version 0.32-a0-996-gb3226c233f (webtiles) character file.

Game seed: 1778305234234064326

1038 topfpfpflanze the Thaumaturge (level 8, 0/46 HPs)
             Began as an Octopode Conjurer on Apr 23, 2024.
             Was an Initiate of Gozag.
             Slain by a wraith (14 damage)
             ... on level 7 of the Dungeon.
             The game lasted 00:04:53 (7126 turns).

topfpfpflanze the Thaumaturge (Octopode Conjurer)   Turns: 7126, Time: 00:04:54

Health: 0/46       AC:  1    Str:  6    XL:     8   Next: 24%
Magic:  9/20       EV: 12    Int: 22    God:    Gozag
Gold:   462        SH:  0    Dex: 11    Spells: 21/24 levels left

rFire   . . .        f - +0 dagger (elec)
rCold   . . .        (no shield)
rNeg    . . .        (helmet restricted)
rPois   .            (no amulet)
rElec   .            (no ring)
rCorr   .            (no ring)
SInv    .            (no ring)
Will    .....        (no ring)
Stlth   +++          (no ring)
HPRegen 0.27/turn    (no ring)
MPRegen 0.17/turn    (no ring)
                     (no ring)

%: no passive effects
@: slowed, very slow
A: almost no armour, amphibious, 8 rings, camouflage 1, gelatinous body 1,
(nimble swimmer 1), tentacles
a: Renounce Religion, Potion Petition, Call Merchant, Bribe Branch


You were on level 7 of the Dungeon.
You worshipped Gozag.
Gozag was aware of your devotion.
You visited 2 branches of the dungeon, and saw 8 of its levels.

You collected 581 gold pieces.
You paid 119 gold pieces to Gozag.

Inventory:

Hand Weapons
 f - a +0 dagger of electrocution (weapon)
Missiles
 x - 5 poisoned darts (quivered)
 A - 2 silver javelins
 D - a throwing net {!f}
Armour
 u - a +0 kite shield
Magical Staves
 w - a staff of fire
Jewellery
 t - an amulet of guardian spirit
 y - a ring of positive energy
 F - an amulet of regeneration
Talismans
 c - a serpent talisman
 l - a dragon-blood talisman
Wands
 s - a wand of flame (6)
Scrolls
 b - 2 scrolls of enchant weapon {unknown}
 g - 3 scrolls of revelation
 h - 5 scrolls of identify {@r1}
 i - 3 scrolls of teleportation {unknown}
 p - 2 scrolls of noise {unknown}
 r - a scroll of fog {unknown}
 v - 2 scrolls of vulnerability {unknown}
 z - a scroll of immolation {unknown}
 B - a scroll of enchant armour {unknown}
Potions
 a - a potion of magic
 d - 2 potions of heal wounds {unknown}
 e - a potion of invisibility {unknown}
 j - 3 potions of lignification {unknown}
 k - 2 potions of attraction {unknown}
 m - 2 potions of brilliance {unknown}
 n - a potion of cancellation {unknown}
 o - a potion of might {unknown}
 q - 2 potions of curing {unknown}
 C - a potion of berserk rage {unknown}
 E - a potion of mutation {unknown}


   Skills:
 - Level 2.0 Dodging
 - Level 2.6 Stealth
 + Level 8.8 Spellcasting
 - Level 4.0 Conjurations


You had 21 spell levels left.
You knew the following spells:

 Your Spells              Type           Power      Damage    Failure   Level
a - Magic Dart            Conj           100%       1d8       1%          1
b - Searing Ray           Conj           54%        2d6       1%          2

Your spell library contained the following spells:

 Spells                   Type           Power      Damage    Failure   Level
 Shock                    Conj/Air       72%        1d7       3%          1
 Sandblast                Erth           18%        2d7       7%          1
 Stone Arrow              Conj/Erth      36%        3d9       9%          3
 Ensorcelled Hibernation  Hex/Ice        18%        N/A       11%         2
 Fugue of the Fallen      Necr           9%         N/A       21%         3
 Passwall                 Erth           9%         N/A       21%         3
 Swiftness                Air            9%         N/A       21%         3
 Fulminant Prism          Conj/Alch      9%         3d7       30%         4
 Iskenderun's Mystic Bla Conj/Tloc 18%            2d6        (+2d2     30%         4
 Airstrike                Air            4%         2d(1-17)  56%         4
 Anguish                  Hex/Necr       4%         N/A       56%         4


Dungeon Overview and Level Annotations

Branches:
Dungeon (7/15)             Temple (1/1) D:4

Altars:
Ashenzari
Cheibriados
Elyvilon
Fedhas
Gozag
Kikubaaqudgha
Makhleb
Nemelex Xobeh
Okawaru
Qazlal
Ru
Sif Muna
Uskayaw
Vehumet
Wu Jian
Yredelemnul
Zin
The Shining One

Shops:
D:1 ?*?*(   D:5 *

Annotations:
D:2 Natasha
D:4 1 transporter
D:5 3 runed translucent doors, temujin's ghost, amateur MiFi


Innate Abilities, Weirdness & Mutations

You cannot wear most types of armour.
You are amphibious.
You can wear up to eight rings at the same time.
Your skin changes colour to match your surroundings (Stealth+).
Your rubbery body absorbs attacks. (AC +1, EV +1)
((You are camouflaged when in or above water. (Stealth+)))
You have tentacles for arms and can constrict up to eight enemies at once.


Message History

Aiming: Magic Dart (safe; 1% risk of failure)
Press: ? - help, Shift-Dir - straight line, f/p - wraith
Aim: a wraith (moderately damaged, 100% to hit)
The magic dart hits the wraith but does no damage.
Casting: Magic Dart (safe; 1% risk of failure)
Aiming: Searing Ray (safe; 1% risk of failure)
Press: ? - help, Shift-Dir - straight line, f/p - wraith
Aim: a wraith (moderately damaged, 79% to hit)
The searing ray hits the wraith but does no damage. (Press . to maintain the ray.)
The searing ray hits the wraith but does no damage.
The searing ray misses the wraith.
The wraith hits you!
Unknown command.
The searing ray hits the wraith but does no damage.
You finish channelling your searing ray.
The wraith hits you. The wraith drains your vigour!
You feel yourself slow down.
Okay, then.
Casting: Searing Ray (safe; 1% risk of failure)
Aiming: Searing Ray (safe; 1% risk of failure)
Press: ? - help, Shift-Dir - straight line, f/p - wraith
Aim: a wraith (moderately damaged, 79% to hit)
The searing ray hits the wraith but does no damage. (Press . to maintain the ray.)
The wraith closely misses you. The wraith hits you.
Unknown command.
The searing ray hits the wraith but does no damage.
The wraith completely misses you.
The searing ray hits the wraith but does no damage.
The wraith hits you. The wraith misses you.
The searing ray hits the wraith.
You finish channelling your searing ray.
The wraith hits you! The wraith drains your vigour!
You feel as though you will be slow longer.
As you read the scroll labelled GUGEER KUBB, it crumbles to dust.
It is a scroll of identify.
g - 3 scrolls of revelation The wraith hits you!
You die...
Your body crumbles into a pile of gold.

#. #........>
..##........##.
#..#..........
...........#
#.........#
#........#
#........# .
#...@W...#....
....####.........
. ####.#.... ).
.. ##


You could see a wraith.

Vanquished Creatures
  A water moccasin (D:6)
  A bullfrog (D:6)
  2 scorpions
  2 hounds (D:6)
  2 bombardier beetles
  A jelly (D:4)
  2 gnoll boudas
  3 iguanas
  Ijyb (D:4)
  A sleepcap (D:5)
  Natasha (twice) (D:2)
  2 orc wizards (D:6)
  12 gnolls
  8 adders
  4 ribbon worms
  3 dart slugs
  9 orcs
  10 endoplasms
  2 giant cockroaches (D:2)
  6 goblins
  10 hobgoblins
  10 jackals (D:1)
  10 kobolds
  3 quokkas (D:2)
  8 ball pythons
  7 bats
  6 frilled lizards
  8 rats
136 creatures vanquished.

Notes
Turn   | Place    | Note
-------+----------+-------------------------------------------
     0 | D:1      | topfpfpflanze the Octopode Conjurer began the quest for the
                  | Orb.
     0 | D:1      | Reached XP level 1. HP: 11/11 MP: 3/3
    85 | D:1      | Reached XP level 2. HP: 17/17 MP: 2/5
    90 | D:1      | Learned a level 2 spell: Searing Ray
   189 | D:1      | Found Wowuadgh's Antique Weapon Shoppe.
   319 | D:1      | Found Haseticu's Magic Scroll Emporium.
   334 | D:1      | Reached skill level 3 in Spellcasting
   543 | D:1      | Found Pudyerau's Assorted Antiques.
   554 | D:1      | Reached XP level 3. HP: 21/21 MP: 2/7
   674 | D:1      | Found Dyiqebigeoj's Magic Scroll Emporium.
  1029 | D:1      | Found Hoer's General Store.
  1618 | D:2      | Reached XP level 4. HP: 27/27 MP: 3/9
  1756 | D:2      | Reached skill level 4 in Spellcasting
  2108 | D:2      | Found a faded altar of an unknown god.
  2108 | D:2      | Noticed an eye of devastation
  2119 | D:2      | Noticed Natasha
  2124 | D:2      | Killed Natasha
  2125 | D:2      | Reached XP level 5. HP: 31/31 MP: 6/11
  2165 | D:2      | Noticed an eye of devastation
  2192 | D:2      | Noticed a golden eye
  2192 | D:2      | Noticed a great orb of eyes
  2254 | D:2      | Noticed Natasha
  2257 | D:2      | Killed Natasha
  2333 | D:2      | Noticed Natasha
  2403 | D:3      | Reached skill level 5 in Spellcasting
  3594 | D:4      | Found a stormy altar of Qazlal.
  3601 | D:4      | Found a glowing silver altar of Zin.
  3671 | D:4      | Noticed Ijyb
  3678 | D:4      | Killed Ijyb
  3679 | D:4      | Reached XP level 6. HP: 36/36 MP: 3/14
  3769 | D:4      | Found a staircase to the Ecumenical Temple.
  3781 | Temple   | Entered the Ecumenical Temple
  3883 | D:4      | Reached skill level 6 in Spellcasting
  4066 | D:4      | Found a sparkling altar of Nemelex Xobeh.
  4066 | D:4      | Found a transporter.
  4066 | D:4      | Noticed a water moccasin
  4444 | D:5      | Entered Level 5 of the Dungeon
  4688 | D:5      | Found Gozag's Platinum Reserve.
  4692 | D:5      | Found an opulent altar of Gozag.
  4700 | D:5      | Became a worshipper of Gozag Ym Sagoz the Greedy
  4772 | D:5      | Reached XP level 7. HP: 41/41 MP: 11/17
  5132 | D:5      | Reached skill level 7 in Spellcasting
  5290 | D:5      | Found an iron altar of Okawaru.
  5640 | D:5      | Found a runed translucent gate.
  5640 | D:5      | Found a runed translucent gate.
  5640 | D:5      | Found a runed translucent gate.
  5641 | D:5      | Found an opulent altar of Gozag.
  5641 | D:5      | Noticed a yak
  5642 | D:5      | Noticed temujin's ghost (amateur MiFi)
  6172 | D:6      | Reached skill level 8 in Spellcasting
  6177 | D:6      | Reached XP level 8. HP: 41/46 MP: 11/20
  7110 | D:7      | Noticed a wraith
  7126 | D:7      | Slain by a wraith

Illustrated notes

Levels and vault maps discovered:
D:1:      dpeg_arrival_signposts, layout_basic, serial_shops,
          nicolae_shop_statue_plus, shop, shop, shop, nicolae_diamond_shop
D:2:      layout_rooms, hellmonk_ecumenical_altar_watching_god, uniq_natasha
D:3:      minmay_diamond_boxcup, layout_loops_corners,
          chequers_serial_rivers_micro_b, st_stairs_13, grunt_ministairs_7
D:4:      layout_rooms, mainiacjoe_overflow_paths, kennysheep_mini,
          grunt_nemelex_the_gamble, minmay_temple_entry_statues, uniq_ijyb
D:5:      layout_cave_pods, nicolae_gozag_zags_fifth_avenue,
          okawaru_ov_weapons_minmay, ebering_ghost_gozag
D:6:      layout_gridville, reono_crystal_passage
D:7:      layout_rooms, enter_bailey_4
Temple:   nicolae_temple_ecumenical_triangle

Skill      XL: |  1  2  3  4  5  6  7 |
---------------+----------------------+-----
Spellcasting   | 3 4 5 6 8 |  8.8
Dodging        | |  2.0
Stealth        | |  2.6
Conjurations   | |  4.0

Action                     |  1- 3 |  4- 6 |  7- 9 || total
---------------------------+-------+-------+-------++-------
  Melee: Unarmed           |    12 |       |       ||    12
         Constrict         |     4 |       |     2 ||     6
         Tentacles         |     2 |       |       ||     2
         Dagger            |       |     1 |     4 ||     5
   Cast: Magic Dart        |    74 |   146 |    67 ||   287
         Searing Ray       |     1 |     8 |    20 ||    29
    Use: Scroll            |       |       |     1 ||     1
 Armour: Skin              |    13 |    10 |    17 ||    40
  Dodge: Dodged            |     9 |    11 |    20 ||    40

Table legend: (Time is in decaauts)
 A = Elapsed time spent in this place.
 B = Non-inter-level travel time spent in this place.
 C = Inter-level travel time spent in this place.
 D = Time resting spent in this place.
 E = Time spent auto-exploring this place.
 F = Levels seen in this place.
 G = Mean time per level.
                   A        B        C        D        E       F      G
               +--------+--------+--------+--------+--------+-----+--------+
         Total |   7126 |   6909 |    217 |    324 |   5878 |   8 |  890.8 |
       Dungeon |   7124 |   6908 |    216 |    324 |   5878 |   7 | 1017.7 |
        Temple |      1 |      0 |      1 |      0 |      0 |   1 |    1.0 |
               +--------+--------+--------+--------+--------+-----+--------+

Top non-repeatable levels by time:
     D:1: 1393 daAuts
     D:5: 1390 daAuts
     D:6: 1271 daAuts
     D:3: 1182 daAuts
     D:2: 1003 daAuts
     D:4: 861 daAuts
     D:7: 20 daAuts
  Temple: 1 daAuts
